 Dungeon Crawl Stone Soup version 0.25.1-9-gc5326a611f (webtiles) character file.

Game seed: 2894047109558724611

16876 Cykl0x the Carver (level 12, -4/91 HPs)
             Began as a Formicid Fighter on Jan 3, 2021.
             Was a Believer of the Shining One.
             Killed from afar by an ice dragon (38 damage)
             ... with a blast of cold
             ... on level 11 of the Dungeon.
             The game lasted 00:28:40 (11189 turns).

Cykl0x the Carver (Formicid Fighter)               Turns: 11189, Time: 00:28:41

Health: -4/91      AC: 17    Str: 25    XL:     12   Next: 75%
Magic:  15/18      EV:  7    Int: 10    God:    the Shining One [**....]
Gold:   333        SH: 27    Dex: 11    Spells: 11/11 levels left

rFire    + . .     SeeInvis +   d - +2 triple sword (vorpal)
rCold    . . .     Gourm    .   c - +1 kite shield
rNeg     + . .     Faith    .   C - +0 plate armour
rPois    +         Spirit   .   (helmet unavailable)
rElec    .         Reflect  +   w - +1 cloak
rCorr    .         Harm     .   I - +1 pair of gloves
MR       +....                  (no boots)
Stlth    ..........             j - amulet of reflection
HPRegen  0.25/turn              n - ring of protection from fire
MPRegen  0.16/turn              B - ring of poison resistance (curse)

@: divine shield, glowing
A: permanent stasis, dig shafts and tunnels, four strong arms, antennae 3,
clever 1, wild magic 1, MP-powered wands
a: Dig, Shaft Self, Divine Shield, Renounce Religion


You were on level 11 of the Dungeon.
You worshipped the Shining One.
The Shining One was pleased with you.
You were hungry.

You visited 2 branches of the dungeon, and saw 12 of its levels.
You also visited: Bailey.

You collected 703 gold pieces.
You spent 370 gold pieces at shops.

Inventory:

Hand Weapons
 d - a +2 vorpal triple sword (weapon)
 z - a +0 rapier
Missiles
 e - 356 stones
 u - 74 boomerangs
 y - 3 javelins
 A - 4 curare-tipped darts (quivered)
Armour
 c - a +1 kite shield (worn)
 w - a +1 cloak (worn)
 C - a +0 plate armour (worn)
 I - a +1 pair of gloves (worn)
Jewellery
 j - an amulet of reflection (around neck)
 k - an uncursed ring of protection from fire
 n - a ring of protection from fire (left hand)
 q - an uncursed amulet of regeneration {unknown}
 B - a cursed ring of poison resistance (right hand)
 F - an uncursed amulet of faith {unknown}
Wands
 h - a wand of digging (5)
 p - a wand of disintegration (10)
 t - a wand of random effects (21)
Scrolls
 a - a scroll of amnesia
 b - 2 scrolls of enchant armour
 l - 6 scrolls of remove curse
 E - 2 scrolls of magic mapping
 G - 2 scrolls of immolation
Potions
 g - a potion of flight
 i - 8 potions of curing
 m - 5 potions of heal wounds
 o - 4 potions of mutation
 r - 2 potions of brilliance
 s - 4 potions of magic {unknown}
 v - 3 potions of lignification
 x - 2 potions of cancellation {unknown}
 D - a potion of experience {unknown}
 H - a potion of degeneration {unknown}
Comestibles
 f - 23 rations


   Skills:
 + Level 7.1 Fighting
 * Level 13.0 Long Blades
 + Level 7.4 Throwing
 + Level 7.1 Armour
 + Level 1.3 Dodging
 - Level 0.4 Stealth
 + Level 9.9 Shields
 * Level 8.0 Invocations


You had 11 spell levels left.
You didn't know any spells.
Your spell library contained the following spells:

 Spells                   Type           Power        Failure   Level  Hunger
 Corona                   Hex            #......      99%         1    ##.....
 Slow                     Hex            #.......     100%        2    ###....
 Inner Flame              Hex/Fire       #.......     100%        3    ####...
 Portal Projectile        Hex/Tloc       #.....       100%        3    ####...
 Cause Fear               Hex            #.........   100%        4    #####..
 Leda's Liquefaction      Hex/Erth       #.........   100%        4    #####..
 Silence                  Hex/Air        #.........   100%        5    ######.
 Yara's Violent Unravell  Hex/Tmut       #.........   100%        5    ######.
 Discord                  Hex            #.........   100%        8    #######


Dungeon Overview and Level Annotations

Branches:
Dungeon (11/15)            Temple (1/1) D:6            Lair (0/6) D:8
 Bailey (visited)
    Orc: D:9-12

Altars:
Ashenzari
Cheibriados
Dithmenos
Elyvilon
Fedhas
Gozag
Hepliaklqana
Kikubaaqudgha
Nemelex Xobeh
Okawaru
Qazlal
Trog
Uskayaw
Vehumet
Wu Jian
Yredelemnul
The Shining One

Shops:
D:4 !(   D:9 =   D:11 **


Innate Abilities, Weirdness & Mutations

You cannot be hasted, slowed, berserked, paralysed or teleported.
You can dig through walls and to a lower floor.
Your four strong arms can wield two-handed weapons with a shield.
You have a pair of large antennae on your head. (SInv)
Your mind is acute. (Int +2)
Your spells are a little harder to cast, but a little more powerful.
You expend magic power (3 MP) to strengthen your wands.


Message History

You block the ice dragon's attack. x2; The ice dragon tramples you.
You hold your ground!
You slice the ice dragon!!
The ice dragon is heavily wounded.
You block the ice dragon's attack. The ice dragon closely misses you.
The ice dragon tramples you.
You hold your ground!
Your shield is strengthened by the Shining One's divine power.
You feel slightly more hungry. The ice dragon bites you!
You block the ice dragon's attack. x2
You slice the ice dragon!!
The ice dragon is almost dead.
You block the ice dragon's attack.
The ice dragon claws you but does no damage.
The ice dragon barely misses you.
You slash the ice dragon!
The ice dragon is almost dead.
You block the ice dragon's attack. x2; The ice dragon barely misses you.
The ice dragon breathes frost at you. The blast of cold hits you!!!
You die...

### ###.#### ###
#....∩.# #.##
#......#### ##)#
#..[....#@#
###.####......#D##
>.............###
########......#
...... #.......#
###### #.......# #
#.....D?#
########....>..#
....@....#......


You could see an ice dragon (catching breath).

Vanquished Creatures
  A war gargoyle (D:11)
  2 two-headed ogres
  3 skeletal warriors (D:11)
  Pikel (D:5)
  An orc knight (D:11)
  A deep elf mage (D:8)
  A centaur zombie (D:10)
  Psyche (D:11)
  A gargoyle (D:11)
  4 trolls
  6 hippogriffs
  A hornet (D:9)
  Grinder (D:4)
  16 yaks
  A wyvern (D:9)
  4 hogs (D:7)
  A human (D:7)
  A water moccasin (D:11)
  9 orc warriors
  5 ice beasts
  A black bear (D:8)
  A necrophage (D:6)
  4 sky beasts
  5 ogres
  A phantom (D:5)
  6 centaurs
  6 bullfrogs
  A water moccasin skeleton (D:7)
  2 scorpions
  A killer bee (D:11)
  4 howler monkeys
  3 bullfrog zombies
  4 crimson imps
  6 hounds
  2 bullfrog skeletons (D:5)
  4 jellies
  A centaur skeleton (D:6)
  5 orc priests
  5 orc wizards
  6 iguanas
  4 worker ants
  2 hound zombies
  2 hound skeletons
  A worker ant zombie (D:5)
  19 gnolls
  10 adders
  2 howler monkey skeletons
  2 shadow imps
  An adder zombie (D:10)
  2 adder skeletons
  5 worms
  4 dart slugs
  3 leopard geckos
  51 orcs
  2 ball pythons
  3 bats
  A giant cockroach (D:8)
  7 goblins
  28 hobgoblins
  10 jackals
  4 quokkas
  9 frilled lizards
  19 kobolds
  A leopard gecko skeleton (D:6)
  A quokka zombie (D:9)
  7 rats
329 creatures vanquished.

Vanquished Creatures (others)
  A gnoll (D:6)
  An orc (D:5)
2 creatures vanquished.

Grand Total: 331 creatures vanquished

Notes
Turn   | Place    | Note
-------+----------+-------------------------------------------
     0 | D:1      | Cykl0x the Formicid Fighter began the quest for the Orb.
     0 | D:1      | Reached XP level 1. HP: 18/18 MP: 1/1
    67 | D:1      | Reached XP level 2. HP: 23/24 MP: 2/2
   362 | D:1      | Reached XP level 3. HP: 23/29 MP: 3/3
   988 | D:2      | Reached XP level 4. HP: 28/37 MP: 4/4
  1639 | D:2      | Reached XP level 5. HP: 37/42 MP: 5/5
  2034 | D:2      | Gained mutation: You are dopey. (Int -2) [potion of
                  | mutation]
  2034 | D:2      | Gained mutation: You expend magic power (3 MP) to
                  | strengthen your wands. [potion of mutation]
  2035 | D:2      | Lost mutation: You are dopey. (Int -2) [potion of mutation]
  2035 | D:2      | Gained mutation: Your spells are a little harder to cast,
                  | but a little more powerful. [potion of mutation]
  2035 | D:2      | Gained mutation: Your mind is acute. (Int +2) [potion of
                  | mutation]
  2181 | D:3      | Reached skill level 3 in Long Blades
  2198 | D:3      | Found an iron altar of Okawaru.
  2280 | D:3      | Found a hazy altar of Hepliaklqana.
  2498 | D:3      | Reached skill level 1 in Throwing
  3115 | D:4      | Found Latriky's Antique Weapon Shop.
  3130 | D:4      | Reached skill level 5 in Shields
  3147 | D:4      | Found Xohipiod's Distillery.
  3192 | D:4      | Reached XP level 6. HP: 48/48 MP: 6/6
  3268 | D:4      | Noticed Grinder
  3286 | D:4      | Killed Grinder
  3286 | D:4      | Reached skill level 4 in Long Blades
  3286 | D:4      | Reached XP level 7. HP: 43/54 MP: 7/7
  3715 | D:5      | Entered Level 5 of the Dungeon
  4067 | D:5      | Reached XP level 8. HP: 61/61 MP: 8/8
  4369 | D:5      | Noticed Pikel
  4396 | D:5      | Killed Pikel
  4396 | D:5      | Reached skill level 5 in Long Blades
  4396 | D:5      | Reached skill level 5 in Armour
  4921 | D:5      | Reached skill level 6 in Long Blades
  4978 | D:5      | Reached XP level 9. HP: 53/67 MP: 9/9
  5130 | D:5      | Reached skill level 1 in Dodging
  5558 | D:6      | Reached skill level 5 in Fighting
  5632 | D:6      | Reached skill level 5 in Throwing
  5992 | D:6      | Found a staircase to the Ecumenical Temple.
  6001 | Temple   | Entered the Ecumenical Temple
  6007 | Temple   | Became a worshipper of the Shining One
  6373 | D:6      | Reached skill level 1 in Invocations
  6576 | D:7      | Reached skill level 7 in Long Blades
  6680 | D:7      | Noticed a hippogriff
  6693 | D:7      | Killed a hippogriff
  6760 | D:7      | Found a shadowy altar of Dithmenos.
  6876 | D:7      | Found an opulent altar of Gozag.
  6878 | D:7      | Reached * piety under the Shining One
  6896 | D:7      | Reached XP level 10. HP: 58/74 MP: 10/12
  7228 | D:8      | Found a flagged portal.
  7252 | Bailey   | Entered a bailey
  7260 | Bailey   | Reached skill level 8 in Long Blades
  7751 | D:8      | Identified a scroll of acquirement
  7751 | D:8      | Acquired a +0 vorpal triple sword
  8112 | D:8      | Reached skill level 5 in Invocations
  8217 | D:8      | Found a staircase to the Lair.
  8385 | D:8      | Noticed a deep elf mage
  8389 | D:8      | Killed a deep elf mage
  8631 | D:9      | Found Coife's Jewellery Boutique.
  8644 | D:9      | Bought a cursed ring of poison resistance for 238 gold
                  | pieces
  9121 | D:9      | Reached XP level 11. HP: 76/81 MP: 15/15
  9153 | D:9      | Reached skill level 9 in Long Blades
  9604 | D:10     | Entered Level 10 of the Dungeon
  9870 | D:10     | Reached ** piety under the Shining One
  9968 | D:10     | Noticed a two-headed ogre
  9977 | D:10     | Reached skill level 10 in Long Blades
  9991 | D:10     | Killed a two-headed ogre
 10594 | D:11     | Found Haguy's General Store.
 10614 | D:11     | Reached skill level 11 in Long Blades
 10644 | D:11     | Noticed Psyche
 10668 | D:11     | Killed Psyche
 10679 | D:11     | Reached XP level 12. HP: 47/89 MP: 17/17
 10680 | D:11     | Noticed a two-headed ogre
 10718 | D:11     | Killed a two-headed ogre
 10731 | D:11     | Reached skill level 12 in Long Blades
 10782 | D:11     | Noticed a skeletal warrior
 10792 | D:11     | Killed a skeletal warrior
 10796 | D:11     | Noticed a skeletal warrior
 10805 | D:11     | Killed a skeletal warrior
 10845 | D:11     | Noticed a skeletal warrior
 10855 | D:11     | Killed a skeletal warrior
 10873 | D:11     | Noticed a war gargoyle
 10873 | D:11     | Reached *** piety under the Shining One
 10887 | D:11     | Killed a war gargoyle
 10887 | D:11     | Reached skill level 13 in Long Blades
 11140 | D:11     | Found Yruxzoh's Assorted Antiques.
 11149 | D:11     | Bought 2 scrolls labeled EMIKIRGH BOMNAPPUB for 68 gold
                  | pieces
 11149 | D:11     | Bought a murky inky potion for 30 gold pieces
 11149 | D:11     | Bought a scroll labeled EMIKIRGH BOMNAPPUB for 34 gold
                  | pieces
 11160 | D:11     | Noticed an ice dragon
 11189 | D:11     | Killed from afar by an ice dragon

Illustrated notes

Levels and vault maps discovered:
D:1:      lightli_arrival_farm, layout_loops_ring, serial_forest,
          infiniplex_forest_end_3, infiniplex_forest_clump_cross,
          infiniplex_forest_clump_medium, infiniplex_forest_clump_long
D:2:      layout_rooms, hangedman_decor_points
D:3:      layout_loops_ring, nicolae_overflow_crystal_walls, first_ration,
          okawaru_altar_gauntlet_db
D:4:      layout_cave_pools, serial_shops, shop, kennysheep_little_box,
          uniq_grinder
D:5:      layout_layer_cave, uniq_pikel
D:6:      layout_cave_pods, minmay_temple_entry_nine_rooms
D:7:      layout_rooms, basic_altar, grunt_livestock, grunt_dithmenos_smoke
D:8:      layout_basic, dpeg_oklobed_lair, enter_bailey_8,
          guppyfry_early_elven_hall
D:9:      layout_small_grid, special_room [special_room_orc], serial_shops, shop
D:10:     layout_roguey
D:11:     minmay_the_grid_four_pointed_star
          [minmay_the_grid_triangle_9x9_swiss_cheese,
          minmay_the_grid_triangle_9x9_checkered,
          minmay_the_grid_triangle_9x9_negative_grid,
          minmay_the_grid_triangle_9x9_thin_v,
          minmay_the_grid_prize_diamond_cup], layout_rooms, orc_david_3,
          serial_shops, shop, shop, shop, nicolae_shop_statue_plus,
          nicolae_zen_rock_garden, uniq_psyche
Temple:   dpeg_three_leaves_temple

Skill      XL: |  1  2  3  4  5  6  7  8  9 10 11 12 |
---------------+-------------------------------------+-----
Shields        | 4 5 6 7 9 |  9.9
Fighting       | 4 5 6 7 |  7.1
Long Blades    | 3 4 6 7 8 11 13 | 13.0
Throwing       | 1 2 3 4 6 7 |  7.4
Armour         | 4 5 6 7 |  7.1
Dodging        | 1 |  1.3
Invocations    | 3 5 7 8 |  8.0
Stealth        | |  0.4

Action                   |  1- 3 |  4- 6 |  7- 9 | 10-12 || total
-------------------------+-------+-------+-------+-------++-------
Melee: Long sword        |   103 |   152 |   292 |   116 ||   663
       Triple sword      |       |       |       |   354 ||   354
Throw: Stone             |     2 |   109 |    23 |       ||   134
       Boomerang         |       |       |    90 |    98 ||   188
       Dart              |       |       |       |    10 ||    10
       Javelin           |       |       |       |    12 ||    12
Invok: Divine Shield     |       |       |       |     4 ||     4
 Abil: Dig               |     1 |     3 |     6 |     8 ||    18
  Use: Scroll            |     1 |    12 |     4 |     9 ||    26
       Potion            |       |     3 |       |     5 ||     8
  Eat: Chunk             |       |     8 |    10 |    15 ||    33
       Ration            |       |       |     1 |       ||     1
Armor: Scale mail        |    41 |     4 |       |       ||    45
       Chain mail        |       |    40 |    75 |    32 ||   147
       Plate armour      |       |       |       |   101 ||   101
Dodge: Dodged            |    46 |    35 |    49 |    90 ||   220
Block: Kite shield       |    44 |    77 |   207 |   393 ||   721
       Reflection        |       |     1 |     5 |    27 ||    33
       Rpst.: Long sword |    15 |     8 |    16 |     8 ||    47
       Triple sword      |       |       |       |    16 ||    16
